 Dungeon Crawl Stone Soup version 0.31-a0-142-g31f6795574 (webtiles) character file.

Game seed: 530617153359472292

60 Jzorn the Magician (level 4, 0/48 HPs)
             Began as a Human Wanderer on June 2, 2023.
             Slain by an orc wizard
             ... wielding a +0 dagger
              (2 damage)
             ... on level 3 of the Dungeon on June 3, 2023.
             The game lasted 00:23:23 (1282 turns).

Jzorn the Magician (Human Wanderer)                 Turns: 1282, Time: 00:23:23

Health: 0/48       AC: 22    Str: 11    XL:     4   Next: 24%
Magic:  9/10       EV:  2    Int: 12    God:
Gold:   136        SH:  4    Dex: 16    Spells: 8/12 levels left

rFire   . . .        a - +3 short sword
rCold   . . .        b - +0 buckler
rNeg    . . .        f - melded +0 robe {Will+}
rPois   +            (helmet currently unavailable)
rElec   .            g - melded +2 cloak
rCorr   .            (gloves currently unavailable)
SInv    .            (boots currently unavailable)
Will    .....        (no amulet)
Stlth   ++           (no ring)
HPRegen 0.28/turn    (no ring)
MPRegen 0.12/turn

%: no passive effects
@: tree-form
A: stationary, stasis, torment immunity, boosted hp
a: no special abilities


You were on level 3 of the Dungeon.
You were a tree.
You visited 1 branch of the dungeon, and saw 3 of its levels.

You collected 136 gold pieces.

Inventory:

Hand Weapons
 a - a +3 short sword (weapon)
 e - a +0 club
 h - a +0 short sword
 i - a +0 whip
 j - a +0 whip
 k - a +0 spear
 n - a +0 hand axe
Armour
 b - a +0 buckler (worn)
 d - a +0 robe
 f - a +0 robe of willpower (melded)
 g - a +2 cloak (melded)
 m - a +0 ring mail
Scrolls
 l - a scroll of fog


   Skills:
 + Level 1.0 Fighting
 + Level 3.7 Short Blades
 + Level 0.7 Dodging
 + Level 0.2 Stealth
 + Level 2.1 Shields
 + Level 4.5 Spellcasting
 + Level 0.5 Conjurations


You had 8 spell levels left.
You knew the following spells:

 Your Spells              Type           Power      Damage    Failure   Level
a - Magic Dart            Conj           16%        1d3       24%         1
b - Hailstorm             Conj/Ice       3%         3d3       61%         3

Your spell library contained the following spells:

 Spells                   Type           Power      Damage    Failure   Level
 Gell's Gravitas          Tloc           2%         N/A       65%         3
 Teleport Other           Tloc           2%         N/A       65%         3
 Ice Form                 Ice/Tmut       2%         N/A       96%         4
 Dispersal                Tloc           1%         N/A       100%        6
 Simulacrum               Ice/Necr       1%         N/A       100%        6


Dungeon Overview and Level Annotations

Branches:
Dungeon (3/15)

Altars:

Shops:
D:2 [

Annotations:
D:3 Terence


Message History

Unknown command.
Unknown command.
Unknown command.
Unknown command.
Unknown command.
Unknown command.
You cannot move.
You cannot move.
You cannot move.
You cannot move.
You cannot move.
You cannot move.
You cannot move.
You cannot move.
You cannot move.
You cannot move.
You cannot move.
You hit Terence.
Terence is severely wounded.
Something hits you but does no damage. Terence hits you but does no damage.
You hit Terence but do no damage.
Terence is severely wounded.
You barely miss Terence.
Terence is severely wounded.
Terence barely misses you.
You hear some strange, mumbled words.
A puff of flame appears from out of thin air!
The puff of flame hits you but does no damage.
You completely miss Terence.
Terence is severely wounded.
Terence hits you but does no damage. Something hits you but does no damage.
You barely miss Terence.
Terence is severely wounded.
Terence hits you but does no damage. Something hits you but does no damage.
Your magical contamination has completely faded away.
An orc comes into view. It is wielding a +0 flail.
You hit Terence but do no damage.
Terence is severely wounded.
Something hits you.
You die...

#### ..# #@#
#♣# .#####{####
....§.o§§§#
.#####.##§.....
#.# .##.# #.# #
.o. #.# #.


You could see Terence, an orc priest and an orc.

Vanquished Creatures
  An adder (D:2)
  A dart slug (D:1)
  5 endoplasms
  3 giant cockroaches (D:2)
  7 goblins
  3 hobgoblins
  4 jackals (D:2)
  5 kobolds
  A quokka (D:1)
  3 ball pythons
  4 bats
  3 frilled lizards (D:2)
  4 rats
44 creatures vanquished.

Notes
Turn   | Place    | Note
-------+----------+-------------------------------------------
     0 | D:1      | Jzorn the Human Wanderer began the quest for the Orb.
     0 | D:1      | Jzorn set off with the following items: a +2 short sword, a
                  | +0 buckler, a potion of lignification, a +0 robe; and the
                  | following spell memorised: Magic Dart; and the following
                  | spells available to memorise: Hailstorm.
     0 | D:1      | Reached XP level 1. HP: 15/15 MP: 5/5
    64 | D:1      | Reached XP level 2. HP: 18/21 MP: 1/7
   260 | D:1      | Reached XP level 3. HP: 26/26 MP: 2/8
   666 | D:2      | Upgraded the game from 0.31-a0-133-gaae73658be to
                  | 0.31-a0-142-g31f6795574
   700 | D:2      | Learned a level 3 spell: Hailstorm
   800 | D:2      | Found Ruwoaxia's Antique Armour Shop.
   901 | D:2      | Reached XP level 4. HP: 27/32 MP: 10/10
  1262 | D:3      | Noticed Terence
  1274 | D:3      | HP: 1/48 [Terence/+2 hand axe of freezing (2)]
  1282 | D:3      | Slain by an orc wizard

Illustrated notes

Levels and vault maps discovered:
D:1:      lemuel_arrival_tunnels, layout_rooms
D:2:      layout_basic, serial_shops, shop, hex_tiny
D:3:      layout_loops_ring, kennysheep_generic_room_14, uniq_sigmund,
          uniq_terence, uniq_ijyb

Action                     |  1- 3 |  4- 6 || total
---------------------------+-------+-------++-------
  Melee: Short sword       |    85 |    30 ||   115
   Cast: Magic Dart        |    21 |     5 ||    26
    Use: Scroll            |     3 |     2 ||     5
         Potion            |       |     1 ||     1
   Stab: Sleeping          |     1 |     2 ||     3
 Armour: Robe              |    30 |     7 ||    37
         Skin              |       |    16 ||    16
  Dodge: Dodged            |    38 |     9 ||    47
  Block: Buckler           |    27 |     5 ||    32

Table legend: (Time is in decaauts)
 A = Elapsed time spent in this place.
 B = Non-inter-level travel time spent in this place.
 C = Inter-level travel time spent in this place.
 D = Time resting spent in this place.
 E = Time spent auto-exploring this place.
 F = Levels seen in this place.
 G = Mean time per level.
                   A        B        C        D        E       F      G
               +--------+--------+--------+--------+--------+-----+--------+
         Total |   1268 |    466 |    802 |      0 |      0 |   3 |  422.7 |
       Dungeon |   1268 |    466 |    802 |      0 |      0 |   3 |  422.7 |
               +--------+--------+--------+--------+--------+-----+--------+

Top non-repeatable levels by time:
     D:1: 632 daAuts
     D:2: 617 daAuts
     D:3: 18 daAuts
